 Dungeon Crawl Stone Soup version 0.29.1-1-gd02db6906a (webtiles) character file.

Game seed: 14642458398492896039

21 Descartes the Conjurer (level 2, 0/11 HPs)
             Began as a Felid Conjurer on Oct 21, 2022.
             Slain by an adder (3 damage)
             ... on level 2 of the Dungeon.
             The game lasted 00:01:13 (910 turns).

Descartes the Conjurer (Felid Conjurer)              Turns: 910, Time: 00:01:14

Health: 0/11       AC:  1    Str:  3    XL:     2   Next: 65%
Magic:  0/6        EV: 17    Int: 19    God:
Gold:   18         SH:  0    Dex: 14    Spells: 4/5 levels left
                                        Lives:  0   Deaths: 0

rFire   . . .      SeeInvis +   (weapon unavailable)
rCold   . . .      Faith    .   (shield unavailable)
rNeg    . . .      Spirit   .   (body armour unavailable)
rPois   .          Reflect  .   (helmet unavailable)
rElec   .          Harm     .   (cloak unavailable)
rCorr   .          Rampage  .   (gloves unavailable)
Will    .....                   (boots unavailable)
Stlth   ++........              (no amulet)
HPRegen 0.03/turn               (no ring)
MPRegen 0.10/turn               (no ring)

@: very slightly contaminated, quick
A: very small, claws 1, fangs 3, see invisible, speed 1, shaggy fur 1, stealthy
paws, no weapons or thrown items, no armour, multi-lived
a: no special abilities


You were on level 2 of the Dungeon.
You visited 1 branch of the dungeon, and saw 2 of its levels.

You collected 18 gold pieces.

Inventory:

Scrolls
 d - a scroll of immolation {unknown}
 e - a scroll of fog {unknown}
 g - a scroll of identify {unknown}
Potions
 a - a potion of magic
 b - 3 potions of curing {unknown}
 c - 2 potions of might {unknown}
 f - a potion of haste {unknown}
 h - a potion of mutation {unknown}


   Skills:
 - Level 2.6 Dodging
 - Level 2.6 Stealth
 - Level 2.0 Spellcasting
 + Level 4.4 Conjurations


You had 4 spell levels left.
You knew the following spells:

 Your Spells              Type           Power      Damage    Failure   Level
a - Magic Dart            Conj           72%        1d6       2%          1

Your spell library contained the following spells:

 Spells                   Type           Power      Damage    Failure   Level
 Searing Ray              Conj           36%        2d5       4%          2
 Dazzling Flash           Conj/Hex       20%        N/A       21%         3
 Fulminant Prism          Conj/Hex       5%         3d7       56%         4
 Iskenderun's Mystic Bla  Conj/Tloc      10%        2d4       56%         4


Dungeon Overview and Level Annotations

Branches:
Dungeon (2/15)

Altars:
Nemelex Xobeh


Innate Abilities, Weirdness & Mutations

You have sharp claws.
You have razor-sharp teeth.
You have supernaturally acute eyesight. (SInv)
You cover ground quickly. (Speed+)
You are covered in fur. (AC +1)
Your paws help you pounce on unaware monsters.
You are incapable of wielding weapons or throwing items.
You cannot wear armour.
You gain extra lives every three experience levels.


Message History

Aiming: Magic Dart (safe; 2% risk of failure)
Press: ? - help, Shift-Dir - straight line, f/p - adder
Aim: an adder (100% to hit)
The magic dart hits the adder.
The adder is moderately wounded.
The adder bites you.
Casting: Magic Dart (safe; 2% risk of failure)
Confirm with . or Enter, or press ? or * to list all spells.
You don't have enough magic to cast this spell.
Unknown command.
Casting: Magic Dart (safe; 2% risk of failure)
Confirm with . or Enter, or press ? or * to list all spells.
You don't have enough magic to cast this spell.
Unknown command.
The adder attacks as you move away! The adder bites you.
You are poisoned.
The adder poisons you!
You feel sick. The adder attacks as you move away!
The adder closely misses you.
You feel sick.
You feel sick.
You see here a +0 trident.
The adder attacks as you move away! The adder barely misses you.
You feel sick. The adder attacks as you move away! The adder barely misses you.
You feel sick. The adder misses you. The adder attacks as you move away!
The adder closely misses you.
You feel sick.
You are no longer poisoned.
Unknown command.
Casting: Magic Dart (safe; 2% risk of failure)
Confirm with . or Enter, or press ? or * to list all spells.
Aiming: Magic Dart (safe; 2% risk of failure)
Press: ? - help, Shift-Dir - straight line, f/p - adder
Aim: an adder (moderately wounded, 100% to hit)
The magic dart hits the adder.
The adder is severely wounded.
The adder barely misses you.
You barely miss the adder.
The adder is severely wounded.
The adder bites you.
You die...

.......'..#
#......##.#
.(..... #)#
..#.... #.# .
#.... #.# #.###
#.# #. #.# # #S#
.. #. #@#
.......#.#####.##
.......#....##..#
.............#..#
............'..#
...........####
#........#
#........#
#........#


You could see an adder.

Vanquished Creatures
  2 ball pythons
  2 endoplasms (D:1)
  3 giant cockroaches (D:1)
  A goblin (D:2)
  2 jackals (D:2)
  A kobold (D:1)
  A quokka (D:1)
  2 bats (D:1)
  2 frilled lizards (D:2)
  3 rats (D:1)
19 creatures vanquished.

Notes
Turn   | Place    | Note
-------+----------+-------------------------------------------
     0 | D:1      | Descartes the Felid Conjurer began the quest for the Orb.
     0 | D:1      | Reached XP level 1. HP: 7/7 MP: 4/4
   242 | D:1      | Reached skill level 4 in Conjurations
   288 | D:1      | Reached XP level 2. HP: 11/11 MP: 4/6
   730 | D:2      | Found a sparkling altar of Nemelex Xobeh.
   910 | D:2      | Slain by an adder

Illustrated notes

Levels and vault maps discovered:
D:1:      kennysheep_arrival_forest, layout_basic
D:2:      kb_forest_paths, layout_basic, shapermc_ecumenical_altar_ellora,
          basic_altar

Skill      XL: |  1 |
---------------+----+-----
Conjurations   | 4 |  4.4
Dodging        | |  2.6
Stealth        | |  2.6
Spellcasting   | |  2.0

Action                   || total
-------------------------++-------
Melee: Unarmed           ||     1
 Cast: Magic Dart        ||    40
Armor: Skin              ||     1
Dodge: Dodged            ||     9
